 Dungeon Crawl Stone Soup version 0.29-a0-283-ga02f740833 (webtiles) character file.

Game seed: 10577628700947048891

5 spaghetti the Cutter (level 1, 0/13 HPs)
             Began as a Deep Elf Berserker on Mar 14, 2022.
             Was a Follower of Trog.
             Slain by a jackal (2 damage)
             ... on level 1 of the Dungeon.
             The game lasted 00:00:21 (67 turns).

spaghetti the Cutter (Deep Elf Berserker)             Turns: 67, Time: 00:00:22

Health: 0/13       AC:  2    Str: 14    XL:     1   Next: 66%
Magic:  3/3        EV: 12    Int: 11    God:    Trog [*.....]
Gold:   0          SH:  0    Dex: 14    Spells: 0/0 levels left

rFire   . . .      SeeInvis .   a - +0 short sword {short}
rCold   . . .      Faith    .   (no shield)
rNeg    . . .      Spirit   .   b - +0 animal skin
rPois   .          Reflect  .   (no helmet)
rElec   .          Harm     .   (no cloak)
rCorr   .          Rampage  .   (no gloves)
Will    .....                   (no boots)
Stlth   +.........              (no amulet)
HPRegen 0.04/turn               (no ring)
MPRegen 0.08/turn               (no ring)

@: on berserk cooldown, slowed, very slow
A: no striking features
a: Renounce Religion, Berserk


You were on level 1 of the Dungeon.
You worshipped Trog.
Trog was aware of your devotion.
You visited 1 branch of the dungeon, and saw 1 of its levels.


   Skills:
 - Level 2.4 Fighting
 - Level 3.1(3.2) Short Blades
 + Level 1.0(2.0) Long Blades
 - Level 1.5 Armour
 - Level 2.4 Dodging


You couldn't memorise any spells.
You didn't know any spells.
Your spell library was empty.

Inventory:

Hand Weapons
 a - a +0 short sword (weapon) {short}
Missiles
 e - 6 stones (quivered) {throwing}
Armour
 b - a +0 animal skin (worn)
Jewellery
 c - a ring of ice
   (You found it on level 1 of the Dungeon)
Scrolls
 d - a scroll of teleportation {unknown}

Dungeon Overview and Level Annotations

Branches:
Dungeon (1/15)

Altars:

#.....#..##.#
#.
#.....#..#<.#
#.
#.....#..#..#
#.
#.....##.#.##
#(#
#........#..
..
#....##[.#..
#K
#........####
#h##
#......#.....
#.@#
##.#...######
##(#
#.#.#.....
#(##
#.#.#####..
#..####.#.#
##..##....#
##..#..###
##...## ##..#
#......#


You could see a jackal and a kobold.


Message History

No target in view!
No target in view!
No target in view!
No target in view!
No target in view!
No target in view!
No target in view!
No target in view!
No target in view!
No target in view!
No target in view!
No target in view!
No target in view!
No target in view!
e - 10 stones {throwing} (gained 1)
A jackal comes into view.
A jackal is nearby!
A jackal is nearby!
A jackal is nearby!
A jackal is nearby!
You throw a stone {throwing}.
The stone {throwing} hits the jackal but does no damage.
The jackal barks!
You hear a shout!
You throw a stone {throwing}.
The stone {throwing} barely misses the jackal.
You throw a stone {throwing}.
The stone {throwing} hits the jackal but does no damage.
You throw a stone {throwing}.
The stone {throwing} barely misses the jackal.
A giant cockroach comes into view.
You hit the jackal but do no damage. The jackal misses you.
A jackal comes into view.
You barely miss the jackal. The jackal bites you. The jackal misses you.
You hit the jackal. The jackal barely misses you.
You hit the jackal. The jackal bites you. x2 😕 HP[-3]
You take 3 damage, and now have 10/13 hp.
MASSIVE DAMAGE!! (PAUSE)
You barely miss the jackal. The jackal misses you.
You hit the jackal.
You kill the jackal!
Trog accepts your kill.
The giant cockroach bites you but does no damage.
A red film seems to cover your vision as you go berserk!
You feel yourself moving faster!
You feel mighty! The giant cockroach bites you. 😮 HP[+3]
You now have 19 max hp (+6).
You regained 3 hp, and now have 13/19 hp.
You hit the giant cockroach. You puncture the giant cockroach!
You kill the giant cockroach!
Trog accepts your kill.
A jackal comes into view.
Things that are here:
a stone {throwing}; a giant cockroach corpse You feel a strong urge to attack something.
The jackal barks!
You hear a shout!
The jackal bites you but does no damage.
You see here a stone {throwing}. 😮 HP[+1]
You closely miss the jackal. The jackal barely misses you.
You closely miss the jackal.
The jackal bites you but does no damage.
You puncture the jackal!
You kill the jackal!
Trog accepts your kill.
Your base Long Blades skill increases to level 1!
You hit the jackal. The jackal closely misses you.
A kobold comes into view. It is wielding a +0 whip.
You barely miss the jackal.
You are no longer berserk.
You are exhausted.
You feel yourself slow down. The jackal bites you. 😮 HP[-7]
You now have 13 max hp (-6).
You take 7 damage, and now have 7/13 hp.
MASSIVE DAMAGE!! (PAUSE)
You closely miss the jackal. The jackal bites you.
* * * LOW HITPOINT WARNING * * *
The jackal bites you.
* * * LOW HITPOINT WARNING * * *
😨 HP[-3]
You take 3 damage, and now have 4/13 hp.
MASSIVE DAMAGE!! (PAUSE)
You barely miss the jackal. The jackal closely misses you.
The jackal bites you.
* * * LOW HITPOINT WARNING * * *
😱 HP[-1]
You take 1 damage, and now have 3/13 hp.
You miss the jackal. The jackal closely misses you. The jackal bites you.
* * * LOW HITPOINT WARNING * * *
😱 HP[-1]
You take 1 damage, and now have 2/13 hp.
You aren't carrying any potions.
Okay, then.
You completely miss the jackal. The jackal completely misses you.
The jackal bites you.
You die...

Skill      XL: |  1 |
---------------+----+-----
Long Blades    | 1 |  1.0
Fighting       | |  2.4
Short Blades   | |  3.1
Armour         | |  1.5
Dodging        | |  2.4

Action                   || total
-------------------------++-------
Melee: Short sword       ||    17
Throw: Stone             ||     7
Invok: Berserk           ||     1
Armor: Animal skin       ||     3
Dodge: Dodged            ||     9

Levels and vault maps discovered:
D:1:      ebering_hopf_link, layout_rooms

Notes
Turn   | Place    | Note
-------+----------+-------------------------------------------
     0 | D:1      | spaghetti the Deep Elf Berserker began the quest for the
                  | Orb.
     0 | D:1      | Reached XP level 1. HP: 13/13 MP: 3/3
     0 | D:1      | magus.rc [v1.9.6]
    61 | D:1      | Reached skill level 1 in Long Blades
    65 | D:1      | HP: 3/13 [jackal (1)]
    67 | D:1      | Slain by a jackal

Vanquished Creatures
  A ball python (D:1)
  A giant cockroach (D:1)
  2 jackals (D:1)
4 creatures vanquished.

Table legend:
 A = Non-vault XP
 B = Vault XP
 C = Vault XP percentage of total XP
 D = Non-vault monster count
 E = Vault monster count
 F = Vault count percentage of total count
                 A         B        C        D         E       F
            +---------+---------+-------+---------+---------+-------
      Total |       8 |       0 |   0.0 |       4 |       0 |   0.0
            +---------+---------+-------+---------+---------+-------
        D:1 |       8 |       0 |   0.0 |       4 |       0 |   0.0
            +---------+---------+-------+---------+---------+-------

Illustrated notes

Table legend:
 A = Kills in this place as a percentage of kills in entire the game.
 B = Kills by you in this place as a percentage of kills by you in the entire game.
 C = Kills by friends in this place as a percentage of kills by friends in the entire game.
 D = Other kills in this place as a percentage of other kills in the entire game.
 E = Experience gained in this place as a percentage of experience gained in the entire game.
 F = Experience gained in this place divided by the number of levels of this place that you have seen.
                   A       B       C       D       E      F
               +-------+-------+-------+-------+-------+----------------------
         Total | 100.0 | 100.0 |   N/A |   N/A | 100.0 |   8.0
       Dungeon | 100.0 | 100.0 |   N/A |   N/A | 100.0 |   8.0
               +-------+-------+-------+-------+-------+----------------------

Table legend: (Time is in decaauts)
 A = Elapsed time spent in this place.
 B = Non-inter-level travel time spent in this place.
 C = Inter-level travel time spent in this place.
 D = Time resting spent in this place.
 E = Time spent auto-exploring this place.
 F = Levels seen in this place.
 G = Mean time per level.
                   A        B        C        D        E       F      G
               +--------+--------+--------+--------+--------+-----+--------+
         Total |     65 |     65 |      0 |      0 |     36 |   1 |   65.0 |
       Dungeon |     65 |     65 |      0 |      0 |     36 |   1 |   65.0 |
               +--------+--------+--------+--------+--------+-----+--------+

Top non-repeatable levels by time:
     D:1: 65 daAuts
